 Dungeon Crawl Stone Soup version 0.24.0-10-g970556be89 (webtiles) character file.

Game seed: 235533078590110678, levelgen mode: deterministic

34 Lanoc the Ruffian (level 3, -4/29 HPs)
             Began as a Minotaur Transmuter on Nov 3, 2019.
             Slain by Sigmund
             ... wielding a +0 scythe
              (13 damage)
             ... on level 2 of the Dungeon.
             The game lasted 00:01:59 (986 turns).

Lanoc the Ruffian (Minotaur Transmuter)              Turns: 986, Time: 00:02:00

Health: -4/29      AC:  2    Str: 19    XL:     3   Next: 14%
Magic:  13/13      EV: 12    Int: 10    God:
Gold:   97         SH:  0    Dex: 11    Spells: 3/4 levels left

rFire    . . .     SeeInvis .     - Unarmed
rCold    . . .     Gourm    .   (no shield)
rNeg     . . .     Faith    .   b - +0 robe
rPois    .         Spirit   .   (helmet restricted)
rElec    .         Reflect  .   (no cloak)
rCorr    .         Harm     .   (no gloves)
MR       .....                  (boots currently unavailable)
Stlth    +.........             (no amulet)
HPRegen  0.09/turn              h - ring of magical power
MPRegen  0.13/turn              (no ring)

@: mighty, appendage (expiring)
A: retaliatory headbutt, horns 2, talons 3
a: End Transformation


You were on level 2 of the Dungeon.
You were not hungry.
You had grown temporary talons.
You visited 1 branch of the dungeon, and saw 2 of its levels.

You collected 97 gold pieces.

Inventory:

Missiles
 a - 22 arrows
Armour
 b - a +0 robe (worn)
 m - a +2 plate armour of positive energy
Jewellery
 h - a ring of magical power (left hand)
Scrolls
 f - 2 scrolls of remove curse {unknown}
 g - a scroll of fear {unknown}
 i - 3 scrolls of identify
 k - 3 scrolls of teleportation {unknown}
Potions
 j - 2 potions of brilliance
 l - a potion of magic
Comestibles
 d - 2 rations


   Skills:
 + Level 1.9 Fighting
 + Level 2.6 Dodging
 * Level 3.9 Unarmed Combat
 - Level 1.3 Spellcasting
 + Level 1.9 Transmutations


You had 3 spell levels left.
You knew the following spells:

 Your Spells              Type           Power        Failure   Level  Hunger
a - Beastly Appendage     Tmut           #.....       16%         1    ##.....

Your spell library contained the following spells:

 Spells                   Type           Power        Failure   Level  Hunger
 Sticks to Snakes         Tmut           #.......     22%         2    ###....
 Spider Form              Tmut/Pois      #.........   56%         3    ####...
 Ice Form                 Ice/Tmut       #.......     92%         4    #####..
 Blade Hands              Tmut           #.........   99%         5    ######.


Dungeon Overview and Level Annotations

Branches:
Dungeon (2/15)

Altars:

Annotations:
D:2 Sigmund


Innate Abilities, Weirdness & Mutations

You reflexively headbutt those who attack you in melee.
You have a pair of horns on your head.
You have claws for feet.


Message History

Something hits you. The goblin barely misses you.
You barely miss the goblin. Your kick misses the goblin.
You headbutt the goblin.
The goblin is severely wounded.
The goblin completely misses you.
You hit the goblin.
You kill the goblin!
Something hits you. Something hits you!
You miss something. You claw something.
Your transformation is almost over.
It was a potion of curing.
You feel better. Something hits you!
It was a potion of might.
You feel very mighty all of a sudden. Something barely misses you.
You miss something. Your kick misses something. Your headbutt misses something.
You feel better. Something hits you!
* * * LOW HITPOINT WARNING * * *
You feel better. Something hits you!
You die...

### ... #.# #.# #.#####
#.##.. #.##.# #
#.#######.##.####..###
..............@.......
########..##.#......?.
#........##.#........
#........##.#........
#.######.##.######..#
####.### #.##.##### .#
.......####........#
#.#
....†.....####.###.##..
# .......#...#
#.##...#.#.## #


There were no monsters in sight!

Vanquished Creatures
  An ooze (D:2)
  6 bats
  4 giant cockroaches (D:1)
  2 hobgoblins (D:1)
  A quokka (D:2)
  3 frilled lizards (D:1)
  6 goblins
  2 kobolds (D:1)
  2 rats (D:1)
27 creatures vanquished.

Notes
Turn   | Place    | Note
-------+----------+-------------------------------------------
     0 | D:1      | Lanoc the Minotaur Transmuter began the quest for the Orb.
     0 | D:1      | Reached XP level 1. HP: 16/16 MP: 1/1
   142 | D:1      | Reached XP level 2. HP: 17/23 MP: 3/3
   892 | D:2      | Reached XP level 3. HP: 24/29 MP: 4/4
   971 | D:2      | Noticed Sigmund
   986 | D:2      | Slain by Sigmund

Levels and vault maps discovered:
D:1:      minmay_arrival_up_and_down, layout_basic,
          kennysheep_decorative_pillar, minmay_misc_feat_nine_boxes
D:2:      layout_basic, uniq_sigmund

Action                   || total
-------------------------++-------
Melee: Unarmed           ||    73
       Headbutt          ||     8
       Punch             ||     3
       Kick              ||     1
 Cast: Beastly Appendage ||     1
  Use: Potion            ||     4
       Scroll            ||     2
Armor: Robe              ||    15
Dodge: Dodged            ||    45
